 Dungeon Crawl Stone Soup version 0.26.0-10-g1f06aea511 (webtiles) character file.

Game seed: 1198008826163251670

3014 Dirian the Carver (level 9, 0/78 HPs)
             Began as a Minotaur Fighter on Jan 22, 2021.
             Was an Initiate of the Shining One.
             Splashed by an acid dragon's acid (14 damage)
             ... on level 8 of the Dungeon.
             The game lasted 00:09:55 (7888 turns).

Dirian the Carver (Minotaur Fighter)                Turns: 7888, Time: 00:09:56

Health: 0/78       AC:  4    Str: 22    XL:     9   Next: 55%
Magic:  8/8        EV:  8    Int:  5    God:    the Shining One [......]
Gold:   376        SH: 11    Dex: 12    Spells: 8/8 levels left

rFire    + . .     SeeInvis .   u - +0 scimitar
rCold    + + .     Faith    .   c - +1 kite shield
rNeg     . . .     Spirit   .   n - +0 chain mail
rPois    .         Reflect  .   (helmet restricted)
rElec    .         Harm     .   o - scarf {rC+ rF+}
rCorr    .         Rampage  .   l - +0 pair of gloves
Will     .....                  (no boots)
Stlth    ..........             (no amulet)
HPRegen  0.23/turn              m - ring of protection from cold
MPRegen  0.11/turn              v - ring of flight

@: lethally poisoned (0 -> -1), corroded, glowing
A: retaliatory headbutt, horns 2
a: Renounce Religion, Evoke Flight


You were on level 8 of the Dungeon.
You worshipped the Shining One.
The Shining One was noncommittal.
You visited 2 branches of the dungeon, and saw 9 of its levels.

You collected 376 gold pieces.

Inventory:

Hand Weapons
 a - a +0 long sword
 u - a +0 scimitar (weapon)
Armour
 c - a +1 kite shield (worn)
 l - a +0 pair of gloves (worn)
 n - a +0 chain mail (worn)
 o - a scarf of resistance (worn)
 p - a +0 plate armour
Jewellery
 m - a ring of protection from cold (left hand)
 v - a ring of flight (right hand)
Wands
 b - a wand of flame (9)
 k - a wand of iceblast (9)
Scrolls
 e - a scroll of enchant armour
 i - 2 scrolls of magic mapping
 r - a scroll of holy word {unknown}
 t - 2 scrolls of teleportation
 x - 6 scrolls of remove curse
Potions
 d - 2 potions of might
 f - 2 potions of mutation
 g - 3 potions of flight
 h - a potion of haste
 j - a potion of attraction
 q - 3 potions of curing
 w - a potion of heal wounds


   Skills:
 + Level 6.4 Fighting
 + Level 9.4 Long Blades
 + Level 8.1 Armour
 - Level 5.0 Dodging
 + Level 5.1 Shields
 * Level 0.7 Invocations
 - Level 5.0 Evocations


You had 8 spell levels left.
You didn't know any spells.
Your spell library was empty.

Dungeon Overview and Level Annotations

Branches:
Dungeon (8/15)             Temple (1/1) D:7
   Lair: D:8-11

Altars:
Ashenzari
Cheibriados
Dithmenos
Elyvilon
Fedhas
Gozag
Hepliaklqana
Kikubaaqudgha
Makhleb
Nemelex Xobeh
Okawaru
Qazlal
Ru
Sif Muna
Uskayaw
Vehumet
Wu Jian
Xom
Yredelemnul
Zin
The Shining One

Annotations:
D:4 Eustachio


Innate Abilities, Weirdness & Mutations

You reflexively headbutt those who attack you in melee.
You have a pair of horns on your head.


Message History

The centaur is lightly wounded.
The centaur barely misses you. You furiously retaliate!
You headbutt the centaur!
You riposte.
You hit the centaur but do no damage. You headbutt the centaur!
You kill the centaur!
Your chain mail prevents you from hitting the kobold.
You feel sick.
You slash the kobold!
You kill the kobold!
You hit the acid dragon but do no damage.
The acid dragon bites you.
* * * LOW HITPOINT WARNING * * *
You block the acid dragon's attack.
You slash the acid dragon!
The acid dragon is heavily wounded.
The acid dragon spits acid at you. The splash of acid hits you!
* * * LOW HITPOINT WARNING * * *
The acid corrodes you!
You are splashed with acid!
You die...

### .. .. #.. ##..... .#
#.# #....#.##.# #.#
#......#.. #.# .......#.#
# #.# #.....)#.###.# #.#
#.....)((....# ####### #..
##...##..(#####
#.....##### ##
#..ZD@..####.#........
........###........#.#####
##.###.## ######.###.# #
#.# #.###.# #.# #....)#
#.. ####### ##.


You could see an acid dragon (catching breath) and a bullfrog zombie.

Vanquished Creatures
  Pikel (D:5)
  An orc warrior (D:6)
  2 sky beasts
  3 ice beasts
  4 ogres
  3 centaurs
  2 big kobolds (D:8)
  Blork the orc (D:5)
  A water moccasin zombie (D:6)
  A wyvern skeleton (D:7)
  2 scorpions
  3 wights (D:7)
  A bullfrog zombie (D:5)
  4 hounds
  2 jellies
  A centaur skeleton (D:7)
  A gnoll shaman (D:5)
  2 orc priests
  3 orc wizards
  3 iguanas
  5 worker ants
  2 hound skeletons
  6 gnolls
  8 adders
  A shadow imp (D:7)
  A white imp (D:7)
  2 oozes
  A worm (D:4)
  A dart slug (D:1)
  A leopard gecko (D:5)
  24 orcs
  5 giant cockroaches
  12 goblins
  9 hobgoblins
  6 jackals
  A quokka (D:5)
  A ball python skeleton (D:5)
  8 bats
  5 frilled lizards
  A jackal skeleton (D:5)
  13 kobolds
  A quokka skeleton (D:4)
  7 rats
162 creatures vanquished.

Vanquished Creatures (others)
  4 toadstools (D:1)
4 creatures vanquished.

Grand Total: 166 creatures vanquished

Notes
Turn   | Place    | Note
-------+----------+-------------------------------------------
     0 | D:1      | Dirian the Minotaur Fighter began the quest for the Orb.
     0 | D:1      | Reached XP level 1. HP: 19/19 MP: 0/0
   127 | D:1      | Reached XP level 2. HP: 26/27 MP: 1/1
   752 | D:2      | Found a white marble altar of Elyvilon.
   814 | D:2      | Reached XP level 3. HP: 33/33 MP: 2/2
   895 | D:2      | Found a broken altar of Ashenzari.
   904 | D:2      | Reached skill level 3 in Long Blades
   904 | D:2      | Reached skill level 1 in Evocations
  1217 | D:2      | Found a shimmering blue altar of Sif Muna.
  1217 | D:2      | Found a snail-covered altar of Cheibriados.
  1405 | D:2      | Found a blossoming altar of Fedhas.
  1750 | D:3      | HP: 1/33 [orc/+0 trident (4)]
  1751 | D:3      | Reached XP level 4. HP: 2/40 MP: 3/3
  2852 | D:3      | Reached XP level 5. HP: 29/46 MP: 4/4
  2994 | D:4      | Noticed an ogre
  3002 | D:4      | Killed an ogre
  3003 | D:4      | Reached skill level 4 in Long Blades
  3013 | D:4      | Noticed Eustachio
  3307 | D:4      | Reached XP level 6. HP: 53/53 MP: 5/5
  3312 | D:4      | Reached skill level 5 in Shields
  3323 | D:4      | Reached skill level 5 in Armour
  3749 | D:4      | Reached skill level 1 in Dodging
  3895 | D:4      | Noticed an ice beast
  3905 | D:4      | Killed an ice beast
  3906 | D:4      | Reached skill level 5 in Long Blades
  3906 | D:4      | Reached XP level 7. HP: 60/60 MP: 6/6
  4203 | D:5      | Entered Level 5 of the Dungeon
  4262 | D:5      | Noticed Blork the orc
  4269 | D:5      | Killed Blork the orc
  4312 | D:5      | Reached skill level 5 in Fighting
  4370 | D:5      | Noticed Pikel
  4393 | D:5      | Killed Pikel
  4394 | D:5      | Reached skill level 6 in Long Blades
  4394 | D:5      | Reached XP level 8. HP: 45/68 MP: 7/7
  4403 | D:5      | Reached skill level 7 in Long Blades
  4672 | D:5      | Found a blossoming altar of Fedhas.
  4676 | D:5      | Found a burning altar of Makhleb.
  4691 | D:5      | Found a sparkling altar of Nemelex Xobeh.
  5505 | D:6      | Reached skill level 8 in Long Blades
  5507 | D:6      | Found a glowing golden altar of the Shining One.
  5641 | D:6      | Found an iron altar of Okawaru.
  5656 | D:6      | Reached XP level 9. HP: 72/75 MP: 8/8
  5806 | D:6      | Found a basalt altar of Yredelemnul.
  6623 | D:7      | Reached skill level 9 in Long Blades
  6684 | D:7      | Found a staircase to the Ecumenical Temple.
  6974 | D:7      | Reached skill level 5 in Evocations
  7296 | Temple   | Entered the Ecumenical Temple
  7629 | D:6      | Became a worshipper of the Shining One
  7741 | D:8      | Reached skill level 5 in Dodging
  7888 | D:8      | Splashed by an acid dragon's acid

Illustrated notes

Levels and vault maps discovered:
D:1:      ldierk_water_garden, layout_basic
D:2:      layout_loops_ring, nicolae_overflow_crystal_walls,
          lemuel_doored_altar, gammafunk_temple_overflow_wave, fedhas_altar_4
D:3:      layout_loops_ring
D:4:      layout_loops_cross, uniq_eustachio
D:5:      layout_basic, minmay_overflow_temple_star_quad, serial_curves,
          eino_curves_04, eino_curves_02, eino_curves_04, eino_curves_01,
          uniq_pikel, uniq_blork_the_orc
D:6:      layout_basic, nicolae_tso_swordbearing_angel, lemuel_round_altar,
          okawaru_trees_1
D:7:      layout_basic, minmay_temple_entry_drinking_statues
D:8:      minmay_curly_fans, layout_loops_cross
Temple:   minmay_temple_bridge_abc

Skill      XL: |  1  2  3  4  5  6  7  8  9 |
---------------+----------------------------+-----
Shields        | 4 5 |  5.1
Armour         | 4 5 6 7 8 |  8.1
Long Blades    | 3 4 5 6 8 9 |  9.4
Evocations     | 1 2 3 4 5 |  5.0
Fighting       | 4 5 6 |  6.4
Dodging        | 1 3 4 5 |  5.0
Invocations    | |  0.7

Action                   |  1- 3 |  4- 6 |  7- 9 || total
-------------------------+-------+-------+-------++-------
Melee: Long sword        |   102 |   129 |   172 ||   403
       Headbutt          |    15 |    27 |    63 ||   105
       Scimitar          |       |       |    95 ||    95
  Use: Scroll            |       |     9 |     8 ||    17
       Potion            |       |     1 |     4 ||     5
Armor: Scale mail        |    52 |    19 |       ||    71
       Chain mail        |       |    38 |   131 ||   169
Dodge: Dodged            |    36 |    40 |    79 ||   155
Block: Kite shield       |    44 |    94 |   143 ||   281
       Rpst.: Long sword |    11 |    11 |    23 ||    45
       Scimitar          |       |       |     8 ||     8
